 Dungeon Crawl Stone Soup version 0.31.0-12-g77e489cdc1 (webtiles) character file.

Game seed: 4399827365302488395

79 shadowstone the Scratcher (level 4, -1/13 HPs)
             Began as a Felid Shapeshifter on Feb 18, 2024.
             Was an Initiate of Ashenzari.
             Slain by a gnoll
             ... wielding a +0 spear
              (6 damage)
             ... on level 3 of the Dungeon.
             The game lasted 00:07:50 (2184 turns).

shadowstone the Scratcher (Felid Shapeshifter)      Turns: 2184, Time: 00:07:51

Health: -1/13      AC:  1    Str: 10    XL:     4   Next: 17%
Magic:  5/5        EV: 22    Int: 15    God:    Ashenzari [......]
Gold:   144        SH:  0    Dex: 16    Spells: 3/3 levels left
                                        Lives:  0   Deaths: 2

rFire   . .          .
                       - Unarmed
rCold   . . .        (shield unavailable)
rNeg    . . .        (body armour unavailable)
rPois   .            (helmet unavailable)
rElec   .            (cloak unavailable)
rCorr   .            (gloves unavailable)
SInv    +            (boots unavailable)
Will    .....        (no amulet)
Stlth   +            (no ring)
HPRegen 0.22/turn    (no ring)
MPRegen 0.09/turn

%: no passive effects
@: flux-form, glowing
A: glow, contaminating, reduced hp, very small, claws 1, fangs 3, see invisible,
shaggy fur 1, stealthy paws, no weapons or thrown items, no armour, multi-lived
a: Begin Untransformation, Renounce Religion


You were on level 3 of the Dungeon.
You worshipped Ashenzari.
Ashenzari was noncommittal.
You were something dangerously unstable.
You visited 1 branch of the dungeon, and saw 3 of its levels.

You collected 144 gold pieces.

Inventory:

Missiles
 k - 4 atropa-tipped darts
 m - 5 curare-tipped darts
 q - 6 poisoned darts
 s - 4 javelins
Armour
 i - a +0 helmet
 r - a +1 pair of gloves
Talismans
 b - a beast talisman
 c - a flux talisman (active)
 g - a beast talisman
Scrolls
 d - a scroll of blinking {unknown}
 j - a scroll of identify {unknown}
 n - 2 scrolls of vulnerability {unknown}
 o - a scroll of enchant weapon {unknown}
 p - a scroll of torment {unknown}
Potions
 a - a potion of lignification
 e - a potion of degeneration {unknown}
 f - a potion of magic {unknown}
 h - 2 potions of curing {unknown}
 l - a potion of invisibility {unknown}


   Skills:
 + Level 1.0 Fighting
 + Level 3.7 Dodging
 + Level 0.9 Stealth
 + Level 3.8 Unarmed Combat
 + Level 3.3 Shapeshifting


You had 3 spell levels left.
You didn't know any spells.
Your spell library contained the following spells:

 Spells                   Type           Power      Damage    Failure   Level
 Shock                    Conj/Air       0%         1d3       26%         1
 Mercury Vapours          Alch/Air       0%         N/A       38%         2
 Inner Flame              Hex/Fire       0%         N/A       63%         3
 Mephitic Cloud           Conj/Alch/Air  0%         N/A       63%         3
 Teleport Other           Tloc           0%         N/A       63%         3
 Freezing Cloud           Conj/Ice/Air   0%         6-21      100%        5
 Irradiate                Conj/Alch      0%         3d11      100%        5
 Malign Gateway           Summ/Tloc      0%         N/A       100%        7
 Ignition                 Fire           0%         3d3       100%        8


Dungeon Overview and Level Annotations

Branches:
Dungeon (3/15)

Altars:
Ashenzari

Shops:
D:1 [


Innate Abilities, Weirdness & Mutations

You are something dangerously unstable.
You glow with magical radiation, making you easy to see and hit.
Foes you strike become dangerously contaminated with magical radiation.
Your maximum health is decreased, since you lack skill for your form.
You have sharp claws.
You have razor-sharp teeth.
You have supernaturally acute eyesight. (SInv)
You are covered in fur. (AC +1)
Your paws help you pounce on unaware monsters.
You are incapable of wielding weapons or throwing items.
You cannot wear armour.
You gain extra lives every three experience levels.


Message History

A quokka comes into view.
The gnoll closely misses you.
You closely miss the gnoll. The quokka barely misses you.
The gnoll barely misses you. The gnoll misses you.
The gnoll completely misses you.
You scratch the gnoll.
The gnoll begins to glow.
The gnoll is moderately wounded.
The quokka barely misses you. The gnoll misses you.
The gnoll hits you with a +0 spear!
Ouch! That really hurt!
You barely miss the gnoll. You bite the gnoll.
The gnoll is heavily wounded.
The quokka completely misses you. The gnoll misses you.
The gnoll hits you with a +0 spear.
You die...
Your shape twists and changes as you die.
You rejoin the land of the living...
A kobold comes into view. It is wielding a +0 whip.
The kobold throws a stone.
The stone misses you. The kobold completely misses you.
You scratch the kobold but do no damage.
The kobold begins to glow.
You bite the kobold.
You kill the kobold!
The quokka bites you.
You miss the quokka. Your bite misses the quokka. The quokka bites you.
You barely miss the quokka. Your bite misses the quokka.
The quokka closely misses you.
You closely miss the quokka. The quokka bites you.
You miss the quokka. The quokka closely misses you.
You scratch the quokka.
The quokka begins to glow.
The quokka is moderately wounded.
The quokka completely misses you.
You scratch the quokka.
The quokka glows dangerously bright.
The quokka is almost dead.
The quokka misses you. The gnoll closely misses you.
You scratch the quokka.
You kill the quokka!
The gnoll misses you. The gnoll barely misses you.
The gnoll completely misses you. The gnoll hits you with a +0 spear.
You die...

#....####..#.###..###.....###
#. ####<...##.......##
#####...####.
####.......>##### ###...###
................## ###..##
...#######.......#### ##..#
## ##....()...# ##..
#......#...# ###
#.#.g#.[...###### #
#...p............
##...g###)..##... #.##.#
##..# #.# #.##... ...##..##
..####..#..r..#..### ...#
#..####..#.##. ##...
#......g..... ##.# .. #.#g.†.
#.#†##.


You could see 2 gnolls.

Vanquished Creatures
  A bombardier beetle (D:3)
  2 dart slugs
  An orc (D:3)
  5 ball pythons
  5 endoplasms
  2 giant cockroaches (D:2)
  4 goblins
  3 hobgoblins
  3 quokkas
  6 bats
  3 frilled lizards
  5 kobolds
  2 rats (D:1)
42 creatures vanquished.

Vanquished Creatures (collateral kills)
  A hobgoblin (D:2)
1 creature vanquished.

Grand Total: 43 creatures vanquished

Notes
Turn   | Place    | Note
-------+----------+-------------------------------------------
     0 | D:1      | shadowstone the Felid Shapeshifter began the quest for the
                  | Orb.
     0 | D:1      | Reached XP level 1. HP: 10/10 MP: 2/2
   398 | D:1      | Found Nitedam's Armour Emporium.
   407 | D:1      | Reached XP level 2. HP: 14/14 MP: 3/3
  1508 | D:2      | Reached XP level 3. HP: 11/18 MP: 4/4
  2007 | D:3      | Found a broken altar of Ashenzari.
  2022 | D:3      | Became a worshipper of Ashenzari the Shackled
  2080 | D:3      | Found a faded altar of an unknown god.
  2095 | D:3      | Slain by a gnoll
  2095 | D:3      | Lost a life (0 lives remaining)
  2146 | D:3      | Got the Vellum of Blinking Battling
  2154 | D:3      | Reached XP level 4. HP: 13/22 MP: 5/5
  2154 | D:3      | Gained a life (1 life remaining)
  2161 | D:3      | Slain by a gnoll
  2161 | D:3      | Lost a life (0 lives remaining)
  2184 | D:3      | Slain by a gnoll

Illustrated notes

Levels and vault maps discovered:
D:1:      eino_arrival_water_star, layout_basic, serial_shops, shop,
          hangedman_decor_diamond_cutter, minmay_tromino_i2
D:2:      layout_loops_ring, minivault_5, serial_park_tiny_1
D:3:      layout_rooms, mainiacjoe_overflow_tiny_flanked,
          chequers_ecumenical_altar_island

Skill      XL: |  1  2 |
---------------+-------+-----
Dodging        | 3 |  3.7
Shapeshifting  | 3 |  3.3
Fighting       | |  1.0
Stealth        | |  0.9
Unarmed Combat | |  3.8

Action                     |  1- 3 |  4- 6 || total
---------------------------+-------+-------++-------
  Melee: Unarmed           |   160 |    11 ||   171
         Bite              |    22 |     2 ||    24
         Punch             |     1 |       ||     1
    Use: Scroll            |     1 |       ||     1
 Armour: Skin              |    27 |     6 ||    33
  Dodge: Dodged            |   119 |    19 ||   138
   Form: Flux              |     1 |       ||     1
